 Dungeon Crawl Stone Soup version 0.29.1-12-g30fa7ad0bf (webtiles) character file.

Game seed: 15041373482645560574

1576 Cerpago the Cleaver (level 8, -7/70 HPs)
             Began as a Black Draconian Abyssal Knight on Jan 12, 2023.
             Was an Elder of Lugonu.
             Mangled by an orc warrior
             ... wielding a +0 halberd
              (12 damage)
             ... on level 6 of the Dungeon.
             The game lasted 00:21:58 (5796 turns).

Cerpago the Cleaver (DrAK)                          Turns: 5796, Time: 00:21:59

Health: -7/70      AC:  7    Str: 19    XL:     8   Next: 60%
Magic:  9/9        EV: 13    Int: 10    God:    Lugonu [****..]
Gold:   461        SH:  0    Dex: 11    Spells: 7/7 levels left

rFire   + . .      SeeInvis .   k - +2 hand axe (venom)
rCold   x . .      Faith    .   (no shield)
rNeg    . . .      Spirit   .   (body armour unavailable)
rPois   .          Reflect  .   (helmet restricted)
rElec   +          Harm     .   (no cloak)
rCorr   .          Rampage  .   (no gloves)
Will    .....                   f - +0 pair of boots
Stlth   ++........              d - amulet of the acrobat
HPRegen 0.21/turn               b - ring of fire
MPRegen 0.11/turn               (no ring)

@: no status effects
A: breathe lightning, AC +6, unfitting armour, electricity resistance,
cold-blooded
a: Breathe Lightning, Renounce Religion, Depart the Abyss, Bend Space, Banish,
Corrupt


You were on level 6 of the Dungeon.
You worshipped Lugonu.
Lugonu was greatly pleased with you.
You visited 1 branch of the dungeon, and saw 6 of its levels.
You visited the Abyss 1 time.
You also visited: Ossuary.

You collected 461 gold pieces.

Inventory:

Hand Weapons
 i - a +0 hand axe of electrocution
 j - a +0 war axe
 k - a +2 hand axe of venom (weapon)
Missiles
 r - a throwing net
Armour
 f - a +0 pair of boots (worn)
Jewellery
 b - a ring of fire (left hand)
 d - an amulet of the acrobat (around neck)
Wands
 a - a wand of iceblast (4)
Scrolls
 s - 2 scrolls of identify
 v - a scroll of blinking
Potions
 c - 7 potions of curing {unknown}
 e - 2 potions of brilliance {unknown}
 g - a potion of berserk rage {unknown}
 h - a potion of magic {unknown}
 l - a potion of flight {unknown}
 m - 2 potions of might {unknown}
 n - 3 potions of ambrosia {unknown}
 o - 2 potions of haste {unknown}
 p - a potion of heal wounds
 q - a potion of cancellation {unknown}
 t - 2 potions of degeneration {unknown}
 u - a potion of lignification {unknown}


   Skills:
 + Level 5.7 Fighting
 + Level 8.2 Axes
 + Level 5.0 Dodging
 + Level 3.0 Stealth
 + Level 2.0 Invocations


You had 7 spell levels left.
You didn't know any spells.
Your spell library contained the following spells:

 Spells                   Type           Power      Damage    Failure   Level
 Apportation              Tloc           0%         N/A       36%         1
 Beastly Appendage        Tmut           0%         N/A       36%         1
 Necrotise                Necr           0%         1d4       36%         1
 Summon Small Mammal      Summ           0%         N/A       36%         1
 Ensorcelled Hibernation  Hex/Ice        0%         N/A       50%         2
 Wereblood                Tmut           0%         N/A       50%         2
 Spider Form              Tmut/Pois      0%         N/A       75%         3
 Anguish                  Hex/Necr       0%         N/A       98%         4


Dungeon Overview and Level Annotations

Branches:
Dungeon (5/15)             Temple (0/1) D:6         Ossuary (visited)

Altars:
Okawaru

Shops:
D:2 *[!*


Innate Abilities, Weirdness & Mutations

You can breathe wild blasts of lightning.
Your glossy black scales are hard. (AC +6)
You cannot fit into any form of body armour.
You are resistant to electric shocks. (rElec)
You are cold-blooded and may be slowed by cold attacks.


Message History

The ice beast hits you. The ice beast freezes you!!
You feel a terrible chill!
You feel yourself slow down. The orc warrior closely misses you.
The ice beast hits you but does no damage.
The ice beast barely misses you. The orc warrior barely misses you.
You feel yourself speed up.
You hit the ice beast.
The ice beast is severely wounded.
The ice beast closely misses you.
You hit the ice beast.
The ice beast is severely wounded.
The orc warrior hits you but does no damage.
The ice beast misses you.
You hit the ice beast.
The ice beast is poisoned.
You tail-slap the ice beast.
The ice beast is almost dead.
The orc warrior hits you from afar with a +0 halberd.
The ice beast closely misses you.
You barely miss the ice beast.
The ice beast is almost dead.
The orc warrior hits you from afar with a +0 halberd.
The ice beast hits you but does no damage.
You are too injured to fight recklessly!
The ice beast attacks as you move away! The ice beast completely misses you.
You are too injured to fight recklessly!
You are too injured to fight recklessly!
You are too injured to fight recklessly!
You kill the ice beast!
Lugonu accepts your kill.
Your Dodging skill increases to level 5!
Your Stealth skill increases to level 3!
You are too injured to fight recklessly!
The orc warrior closely misses you.
The orc warrior hits you with a +0 halberd!
* * * LOW HITPOINT WARNING * * *
You barely miss the orc warrior.
The orc warrior hits you with a +0 halberd!
* * * LOW HITPOINT WARNING * * *
The orc warrior attacks as you move away!
The orc warrior hits you with a +0 halberd!
You die...

#........# #.)......#
+....#########
#+###....#.......#
..........'.......########
..........#..............#
..........#).###..##.....#
..........#..###..##.....#
..........#....o@..'.....#
..........#........#.....#
.#.#......##########'#######
#.#.#.......................
.#.#.#......................
#.>.#.......................
.#.#.#.###..................
#.#.#....#.......#######+###
.#.#.....#.......'...#


You could see an orc warrior.

Vanquished Creatures
  The ghost of gargbit the Caller, a novice OpSu of Gozag (D:3)
  Sigmund (D:3)
  An ice beast (D:6)
  An ogre (D:6)
  3 phantoms
  A necrophage (D:4)
  A scorpion (D:4)
  A jelly (D:4)
  A hound (D:6)
  A gnoll bouda (D:3)
  Jessica (D:2)
  An orc wizard (D:6)
  A scorpion simulacrum (D:3)
  8 mummies (Ossuary)
  15 gnolls
  5 adders
  A hound simulacrum (D:3)
  3 dart slugs (D:2)
  3 adder simulacra (D:3)
  4 orcs
  4 ball pythons
  11 bats
  6 endoplasms
  A giant cockroach (D:1)
  5 goblins
  8 hobgoblins
  4 jackals (D:3)
  5 quokkas
  2 ball python simulacra (D:3)
  5 frilled lizards
  3 gnoll zombies (Ossuary)
  4 hobgoblin zombies (Ossuary)
  7 kobolds
  An orc zombie (Ossuary)
  15 rats
135 creatures vanquished.

Notes
Turn   | Place    | Note
-------+----------+-------------------------------------------
     0 | Abyss:1  | Cerpago the Draconian Abyssal Knight began the quest for
                  | the Orb.
     0 | Abyss:1  | Reached XP level 1. HP: 19/19 MP: 2/2
     1 | D:1      | Escaped the Abyss
   236 | D:1      | Reached XP level 2. HP: 26/26 MP: 3/3
  1052 | D:2      | Reached XP level 3. HP: 8/33 MP: 4/4
  1299 | D:2      | Reached skill level 3 in Axes
  1388 | D:2      | Found Nuiwnuic's Antique Armour Boutique.
  1393 | D:2      | Reached *** piety under Lugonu
  1485 | D:2      | Found Nypp's General Store.
  1710 | D:2      | Found Acaog's General Store.
  1769 | D:2      | Noticed Jessica
  1791 | D:2      | Killed Jessica
  1792 | D:2      | Reached XP level 4. HP: 32/40 MP: 5/5
  1855 | D:2      | Found Soroatt's Distillery.
  2327 | D:3      | Reached skill level 4 in Axes
  2330 | D:3      | HP: 2/40 [gnoll/+0 spear[a gnoll bouda] (5)]
  2333 | D:3      | Reached XP level 5. HP: 2/46 MP: 6/6
  2682 | D:3      | Found a runed translucent gate.
  2682 | D:3      | Found a runed translucent gate.
  2682 | D:3      | Noticed Sigmund
  2732 | D:3      | Killed Sigmund
  2733 | D:3      | Reached skill level 1 in Stealth
  2733 | D:3      | Reached XP level 6. HP: 11/53 MP: 7/7
  2990 | D:3      | Found a runed translucent gate.
  3050 | D:3      | Noticed gargbit's ghost (novice OpSu)
  3079 | D:3      | Killed gargbit's ghost
  3080 | D:3      | Reached skill level 5 in Axes
  3080 | D:3      | Your scales start taking on a glossy black colour.
  3080 | D:3      | Reached XP level 7. HP: 35/60 MP: 8/8
  3080 | D:3      | Gained mutation: You are resistant to electric shocks.
                  | (rElec) [Black Draconian growth]
  3259 | D:3      | Reached skill level 6 in Axes
  3285 | D:3      | Reached skill level 5 in Fighting
  3407 | D:3      | Reached **** piety under Lugonu
  4290 | D:4      | Found a sand-covered staircase.
  4296 | Ossuary  | Entered an ossuary
  4506 | Ossuary  | Reached XP level 8. HP: 53/68 MP: 9/9
  4917 | D:4      | Reached skill level 7 in Axes
  5256 | D:4      | Found an iron altar of Okawaru.
  5412 | D:5      | Entered Level 5 of the Dungeon
  5412 | D:5      | You fall into a shaft and drop 1 floor!
  5715 | D:6      | Found a staircase to the Ecumenical Temple.
  5780 | D:6      | Reached skill level 8 in Axes
  5793 | D:6      | Reached skill level 5 in Dodging
  5796 | D:6      | Mangled by an orc warrior

Illustrated notes

Levels and vault maps discovered:
D:1:      amcnicky_arrival_underground_garden, layout_loops_corners
D:2:      layout_basic, serial_shops, nicolae_shop_trees, shop,
          nicolae_shop_trees, shop, uniq_jessica
D:3:      layout_loops_ring, gammafunk_ghost_icy, uniq_sigmund
D:4:      layout_cave_pools, okawaru_altar_gauntlet_db, enter_ossuary_2
D:5:      layout_gridville, gammafunk_temple_overflow_pools, serial_shops, shop,
          wad_floor_pattern_untrapped, uniq_pikel
D:6:      layout_gridville, marbit_many_paths, minmay_temple_entry_grid

Skill      XL: |  1  2  3  4  5  6  7  8 |
---------------+-------------------------+-----
Axes           | 3 4 5 6 8 |  8.2
Fighting       | 4 5 |  5.7
Dodging        | 3 4 5 |  5.0
Stealth        | 1 2 3 |  3.0
Invocations    | |  2.0

Action                   |  1- 3 |  4- 6 |  7- 9 || total
-------------------------+-------+-------+-------++-------
Melee: Hand axe          |    98 |    84 |   230 ||   412
       Tailslap          |     7 |    11 |    31 ||    49
       Punch             |     1 |       |     3 ||     4
 Abil: Breathe Lightning |       |       |     1 ||     1
  Use: Scroll            |     4 |     1 |     4 ||     9
       Potion            |       |     1 |       ||     1
 Stab: Sleeping          |       |     1 |     1 ||     2
Armor: Skin              |    40 |    38 |    51 ||   129
Dodge: Dodged            |    87 |    86 |   196 ||   369
